 Dungeon Crawl Stone Soup version 0.29.1-15-g9cfb28693d (webtiles) character file.

Game seed: 9812536244677659055

73 Heoruswealwe the Conjurer (level 4, -2/24 HPs)
             Began as a Deep Elf Conjurer on Mar 7, 2023.
             Slain by a gnoll
             ... wielding a +0 halberd
              (14 damage)
             ... on level 3 of the Dungeon.
             The game lasted 00:18:34 (1250 turns).

Heoruswealwe the Conjurer (Deep Elf Conjurer)       Turns: 1250, Time: 00:18:34

Health: -2/24      AC:  2    Str:  4    XL:     4   Next: 8%
Magic:  12/12      EV: 12    Int: 25    God:
Gold:   113        SH:  0    Dex: 13    Spells: 9/12 levels left

rFire   . . .      SeeInvis .   j - +0 scimitar
rCold   + . .      Faith    .   (no shield)
rNeg    . . .      Spirit   .   a - +0 robe
rPois   .          Reflect  .   (no helmet)
rElec   .          Harm     .   (no cloak)
rCorr   .          Rampage  .   (no gloves)
Will    .....                   (no boots)
Stlth   ++........              (no amulet)
HPRegen 0.08/turn               h - ring of flight
MPRegen 0.13/turn               q - ring of protection from cold

@: flying, very slow
A: no striking features
a: no special abilities


You were on level 3 of the Dungeon.
You visited 1 branch of the dungeon, and saw 3 of its levels.

You collected 113 gold pieces.

Inventory:

Hand Weapons
 j - a +0 scimitar (weapon)
Armour
 a - a +0 robe (worn)
Jewellery
 h - a ring of flight (left hand)
 q - a ring of protection from cold (right hand)
Scrolls
 c - 2 scrolls of teleportation {unknown}
 d - a scroll of fear {unknown}
 e - a scroll of poison {unknown}
 f - 2 scrolls of fog {unknown}
 g - a scroll of magic mapping {unknown}
 k - a scroll of immolation {unknown}
 l - a scroll of amnesia {unknown}
Potions
 b - a potion of magic
 i - a potion of lignification {unknown}
 m - a potion of brilliance {unknown}
 n - 2 potions of curing {unknown}
 p - a potion of cancellation {unknown}


   Skills:
 - Level 2.4 Dodging
 - Level 2.4 Stealth
 + Level 4.7 Spellcasting
 + Level 5.4 Conjurations


You had 9 spell levels left.
You knew the following spells:

 Your Spells              Type           Power      Damage    Failure   Level
a - Magic Dart            Conj           100%       1d8       1%          1
b - Searing Ray           Conj           64%        2d6       1%          2

Your spell library contained the following spells:

 Spells                   Type           Power      Damage    Failure   Level
 Dazzling Flash           Conj/Hex       38%        N/A       9%          3
 Fulminant Prism          Conj/Hex       9%         3d7       28%         4
 Iskenderun's Mystic Bla  Conj/Tloc      19%        2d6       28%         4


Dungeon Overview and Level Annotations

Branches:
Dungeon (3/15)

Altars:
Cheibriados


Message History

You have 113 gold pieces.
You are a level 4 Deep Elf Conjurer.
You are 8% of the way to level 5.
Play time: 00:16:24 (1182 turns).
Zot will find you in 10790 turns if you stay in this branch and explore no new floors.
You start removing your armour.
You continue taking off your +0 robe. x4
You finish taking off your +0 robe.
You start putting on your armour.
You continue putting on your +0 robe. x5
You finish putting on your +0 robe.
Okay, then.
You start removing your armour.
You continue taking off your +0 robe. x4
You finish taking off your +0 robe.
You start putting on your armour.
You continue putting on your +0 robe. x5
You finish putting on your +0 robe.
You drop a +0 robe.
Done exploring.
Search for what [Enter for "."]? .
Search for what [Enter for "."]? .
Okay, then.
There is a stone staircase leading down here.
You fly downwards.
There is a stone staircase leading up here.
Done exploring.
Search for what [Enter for "."]? .
Done exploring.
There is a stone staircase leading down here.
You fly downwards.
Found a scroll labelled JAFARRAADE and 9 gold pieces.
There is a stone staircase leading up here.
A gnoll comes into view. It is wielding a +0 halberd.
Found 17 gold pieces.
The gnoll shouts!
You hear a shout! x2
A gnoll comes into view. It is wielding a +0 flail.
A gnoll comes into view. It is wielding a +0 club.
The gnoll shouts!
You hear a shout!
The gnoll closely misses you. The gnoll hits you with a +0 halberd!
Ouch! That really hurt!
The gnoll hits you from afar with a +0 halberd!
Ouch! That really hurt!
You die...

##########...
#....@ggg....
#..$..####..g
#...<.#
#..?........
#.....###...
#.....# .
#.#.### #.#.
#$#.


You could see 4 gnolls.

Vanquished Creatures
  Jessica (D:2)
  4 bats
  6 endoplasms
  A giant cockroach (D:2)
  2 goblins (D:2)
  4 hobgoblins
  7 jackals (D:2)
  4 kobolds
  A quokka (D:2)
  4 ball pythons
  2 frilled lizards (D:2)
  4 rats
40 creatures vanquished.

Vanquished Creatures (others)
  7 fungi (D:2)
  9 plants (D:2)
16 creatures vanquished.

Grand Total: 56 creatures vanquished

Notes
Turn   | Place    | Note
-------+----------+-------------------------------------------
     0 | D:1      | Heoruswealwe the Deep Elf Conjurer began the quest for the
                  | Orb.
     0 | D:1      | Reached XP level 1. HP: 10/10 MP: 6/6
   259 | D:1      | Reached XP level 2. HP: 15/15 MP: 4/8
   262 | D:1      | Learned a level 2 spell: Searing Ray
   838 | D:2      | Reached skill level 5 in Conjurations
   838 | D:2      | Reached XP level 3. HP: 19/19 MP: 5/10
   947 | D:2      | Noticed Jessica
   949 | D:2      | Killed Jessica
  1059 | D:2      | Reached XP level 4. HP: 24/24 MP: 5/12
  1087 | D:2      | Found a faded altar of an unknown god.
  1144 | D:2      | Prayed at the altar of an unknown god.
  1144 | D:2      | Became a worshipper of Cheibriados the Contemplative
  1144 | D:2      | Reached * piety under Cheibriados
  1145 | D:2      | Fell from the grace of Cheibriados
  1250 | D:3      | Slain by a gnoll

Illustrated notes

Levels and vault maps discovered:
D:1:      spicycebolla_arrival_xxxplode, layout_rooms
D:2:      layout_basic, dreamdust_ecumenical_altar_grove, minivault_24,
          uniq_jessica
D:3:      layout_loops_ring, minmay_goblin_outpost, uniq_robin, uniq_ijyb

Skill      XL: |  1  2 |
---------------+-------+-----
Spellcasting   | 4 |  4.7
Conjurations   | 5 |  5.4
Dodging        | |  2.4
Stealth        | |  2.4

Action                   |  1- 3 |  4- 6 || total
-------------------------+-------+-------++-------
Melee: Unarmed           |     1 |       ||     1
       Scimitar          |    10 |    26 ||    36
 Cast: Magic Dart        |    66 |     7 ||    73
Invok: Renounce Religion |       |     1 ||     1
Armor: Robe              |     6 |       ||     6
Dodge: Dodged            |    16 |     1 ||    17
